 Dungeon Crawl Stone Soup version 0.29-a0-360-g8ed1089bbe (webtiles) character file.

Game seed: 15030989173528619309

4 Hubjo the Firebug (level 1, -2/11 HPs)
             Began as a Deep Elf Fire Elementalist on Apr 28, 2022.
             Killed from afar by a dart slug (5 damage)
             ... with a slug dart
             ... on level 1 of the Dungeon.
             The game lasted 00:00:29 (191 turns).

Hubjo the Firebug (Deep Elf Fire Elementalist)       Turns: 191, Time: 00:00:30

Health: -2/11      AC:  2    Str:  5    XL:     1   Next: 58%
Magic:  2/6        EV: 12    Int: 19    God:
Gold:   0          SH:  0    Dex: 15    Spells: 5/6 levels left

rFire   . . .      SeeInvis .   c - +0 short sword
rCold   . . .      Faith    .   (no shield)
rNeg    . . .      Spirit   .   a - +0 robe
rPois   .          Reflect  .   (no helmet)
rElec   .          Harm     .   (no cloak)
rCorr   .          Rampage  .   (no gloves)
Will    .....                   (no boots)
Stlth   ++........              (no amulet)
HPRegen 0.03/turn               (no ring)
MPRegen 0.10/turn               (no ring)

@: no status effects
A: no striking features
a: no special abilities


You were on level 1 of the Dungeon.
You visited 1 branch of the dungeon, and saw 1 of its levels.

Inventory:

Hand Weapons
 c - a +0 short sword (weapon)
Armour
 a - a +0 robe (worn)
Potions
 b - a potion of magic
 d - a potion of attraction {unknown}


   Skills:
 * Level 0.4 Fighting
 - Level 2.4 Dodging
 + Level 2.5 Stealth
 + Level 3.1 Spellcasting
 - Level 1.1 Conjurations
 + Level 3.3 Fire Magic


You had 5 spell levels left.
You knew the following spells:

 Your Spells              Type           Power      Damage    Failure   Level
a - Foxfire               Conj/Fire      44%        2x1d6     6%          1

Your spell library contained the following spells:

 Spells                   Type           Power      Damage    Failure   Level
 Scorch                   Fire           30%        2d7       6%          2
 Conjure Flame            Conj/Fire      11%        6-21      19%         3
 Inner Flame              Hex/Fire       9%         N/A       22%         3
 Flame Wave               Conj/Fire      11%        2d5       52%         4


Dungeon Overview and Level Annotations

Branches:
Dungeon (1/15)

Altars:


Message History

A ball python comes into view.
The ball python hisses angrily.
The ball python moves out of view.
A ball python is nearby!
A ball python is nearby!
You conjure some foxfire!
You conjure some foxfire!
The foxfire hits the ball python.
The ball python is moderately wounded.
The ball python barely misses you. The ball python grabs you.
The ball python constricts you.
The foxfire hits the ball python.
You kill the ball python!
You conjure some foxfire!
You conjure some foxfire!
Your foxfire dissipates! x2
Your foxfire dissipates! x2
Your foxfire dissipates! x2
d - a fizzy blue potion A dart slug comes into view.
A dart slug is nearby!
You conjure some foxfire!
You conjure some foxfire!
The foxfire hits the dart slug.
The dart slug is moderately wounded.
The foxfire hits the dart slug.
The dart slug is heavily wounded.
The dart slug launches a dart at you. The slug dart hits you.
You conjure some foxfire!
Your foxfire dissipates!
You conjure some foxfire!
The dart slug launches a dart at you. The slug dart hits you.
* * * LOW HITPOINT WARNING * * *
You are too injured to fight recklessly!
You are too injured to fight recklessly!
You are too injured to fight recklessly!
You hit the dart slug.
The dart slug is severely wounded.
The dart slug launches a dart at you. The slug dart hits you.
You die...

# ### ..########
.........#########
....#.##.......vv#
...######.######@#
...# #.# #w# ...#
#.# #.# ...# #.#
#.# ...# #.# #.#
##.# #.# #.# #.#
#.# ### #.#


You could see a dart slug (ally target).

Vanquished Creatures
  A giant cockroach (D:1)
  A ball python (D:1)
  3 kobolds (D:1)
5 creatures vanquished.

Vanquished Creatures (others)
  24 foxfires (D:1)
24 creatures vanquished.

Grand Total: 29 creatures vanquished

Notes
Turn   | Place    | Note
-------+----------+-------------------------------------------
     0 | D:1      | Hubjo the Deep Elf Fire Elementalist began the quest for
                  | the Orb.
     0 | D:1      | Reached XP level 1. HP: 10/10 MP: 6/6
   191 | D:1      | Killed from afar by a dart slug

Illustrated notes

Levels and vault maps discovered:
D:1:      minmay_arrival_cross, layout_loops_ring, serial_co_window_serial,
          co_window_paths_a, co_window_paths_b, co_window_cross_1,
          co_window_corner_a, co_window_corner_a, co_window_corner_ca,
          co_window_unsneaky_path_b, co_window_broadway_a, co_window_2corner,
          co_window_2corner, co_window_broadway_a, co_window_paths_d,
          glass_columns_a, glass_columns_b

Action                   || total
-------------------------++-------
Melee: Short sword       ||     1
 Cast: Foxfire           ||    16
Armor: Robe              ||     2
Dodge: Dodged            ||     4

Table legend: (Time is in decaauts)
 A = Elapsed time spent in this place.
 B = Non-inter-level travel time spent in this place.
 C = Inter-level travel time spent in this place.
 D = Time resting spent in this place.
 E = Time spent auto-exploring this place.
 F = Levels seen in this place.
 G = Mean time per level.
                   A        B        C        D        E       F      G
               +--------+--------+--------+--------+--------+-----+--------+
         Total |    190 |    190 |      0 |      0 |    148 |   1 |  190.0 |
       Dungeon |    190 |    190 |      0 |      0 |    148 |   1 |  190.0 |
               +--------+--------+--------+--------+--------+-----+--------+

Top non-repeatable levels by time:
     D:1: 190 daAuts
